 Dungeon Crawl Stone Soup version 0.14-a0-1585-g835621a (webtiles) character file.

2643 4tharraofdagon the Firebug (level 9, 0/62 HPs)
             Began as a Demigod Fire Elementalist on Dec 22, 2013.
             Slain by a centaur (4 damage)
             ... on Level 8 of the Dungeon.
             The game lasted 00:19:38 (2841 turns).

4tharraofdagon the Firebug (DgFE)                   Turns: 2841, Time: 00:19:38

HP   0/62        AC  7     Str 13      XL: 9   Next:  1%
MP  11/23        EV 14     Int 24      God:
Gold 270         SH  0     Dex 21      Spells:  4 memorised,  4 levels left

rFire  + . .     SeeInvis .     f - +1 rod of warding (curse) (12/12)
rCold  x . .     Clarity  .     d - +0 elf ring mail (curse)
rNeg   . . .     Conserve +     (no shield)
rPois  .         rCorr    .     (no helmet)
rElec  .         rRot     .     (no cloak)
SustAb + .       Spirit   .     t - +1 pair of dwarf gloves {archer}
rMut   .         Warding  .     (no boots)
Saprov . . .     Stasis   .     m - amulet of conservation
                                j - ring of sustain abilities
                                g - cursed ring of fire

@: agile, very slightly contaminated, somewhat resistant to hostile
enchantments, stealthy
A: no striking features
a: no special abilities


You were on level 8 of the Dungeon.
You were hungry.

You visited 1 branch of the dungeon, and saw 8 of its levels.
You also visited: Ossuary.

You collected 270 gold pieces.

Inventory:

Hand weapons
 e - a cursed +0,+0 dagger
 h - a +0,+1 war axe
 o - a -1,-2 war axe
 s - a cursed +3,+3 falchion
 y - a cursed +2,+0 elven long sword
 A - a +3,+3 flail
Armour
 a - a +0 robe
 d - a cursed +0 elven ring mail (worn)
 l - a cursed +0 chain mail
 t - a +1 pair of dwarven gloves of archery (worn)
Magical devices
 k - a wand of cold (5)
 r - a wand of magic darts (19)
 w - a wand of polymorph (17)
Comestibles
 c - 5 bread rations
 p - a meat ration
 z - 3 rotting chunks of yak flesh
Scrolls
 i - 2 scrolls of magic mapping
 n - a scroll of immolation
Jewellery
 g - a cursed ring of fire (left hand)
 j - a ring of sustain abilities (right hand)
 m - an amulet of conservation (around neck)
Potions
 u - a potion of invisibility {unknown}
Books
 b - a book of Flames

   Spells                             Type                      Level
   *Flame Tongue                      Conjuration/Fire             1
   Throw Flame                        Conjuration/Fire             2
   *Conjure Flame                     Conjuration/Fire             3
   Inner Flame                        Hexes/Fire                   3
   *Sticky Flame                      Conjuration/Fire             4
   *Fireball                          Conjuration/Fire             5
 q - a book of the Dragon

   Spells                             Type                      Level
   Flight                             Charms/Air                   3
   Cause Fear                         Hexes                        4
   Bolt of Fire                       Conjuration/Fire             6
   Dragon Form                        Transmutation                7
   Summon Dragon                      Summoning                    9
Rods
 f - a cursed +1 rod of warding (12/12) (weapon)
   (You found it on level 8 of the Dungeon)


   Skills:
 - Level 1.7 Dodging
 - Level 1.7 Stealth
 + Level 4.7 Spellcasting
 * Level 7.2 Conjurations
 * Level 7.7 Fire Magic
 + Level 0.0 Evocations


You had 4 spell levels left.
You knew the following spells:

 Your Spells              Type           Power        Failure   Level  Hunger
a - Flame Tongue          Conj/Fire      #####        1%          1    None
b - Conjure Flame         Conj/Fire      ######..     1%          3    ##.....
c - Sticky Flame          Conj/Fire      ######..     4%          4    ####...
d - Fireball              Conj/Fire      ######....   14%         5    #####..


Dungeon Overview and Level Annotations

Branches:
Dungeon (8/16)
 Temple: D:4-7         Lair: D:8-11

Shops:
D:5 (

Annotations:
D:8 Blork the orc


Message History

Casting: Sticky Flame
Confirm with . or Enter, or press ? or * to list all spells.
Okay, then.
The centaur barely misses you. The centaur hits you.
* * * LOW HITPOINT WARNING * * *
Drink which item? (? for menu, Esc to quit)
You feel agile all of a sudden. The centaur hits you.
* * * LOW HITPOINT WARNING * * *
Unknown command.
Casting: Sticky Flame
Confirm with . or Enter, or press ? or * to list all spells.
Aiming: Sticky Flame
Press: ? - help, Shift-Dir - straight line, f/p - centaur
Aim: a centaur You feel a surge of power!
The sticky flame hits the centaur.
The centaur is lightly wounded.
The centaur is covered in liquid flames!
The centaur burns!
The centaur hits you.
You die...

....# .## ....# ..# #'### #o#
#.# #.# #### ..# #.# #.. '####
#.# ##.#####
....##########(#####........
....'.##.......(c.#..........
.%..#..#........@.#..........
....##.'.....................
....####..........##..........
##### #########+###..........
# ##.######## # #.## ####
#..## ...# ##..# ...# ##.#


You could see a centaur (burning).

Vanquished Creatures
  The ghost of HollowCharge the Firebug, an experienced DgFE (D:7)
  2 yaks (D:8)
  A hippogriff (D:8)
  3 ogres (D:7)
  A sky beast (D:6)
  2 crocodiles (D:8)
  8 wights
  A centaur zombie (D:8)
  A jelly (D:5)
  2 hounds (D:7)
  2 orc priests (D:5)
  A giant frog skeleton (D:8)
  A worker ant (D:7)
  4 iguanas
  2 orc wizards (D:7)
  3 mummies
  A hound skeleton (D:7)
  A giant mite (D:6)
  2 green rats (D:8)
  2 worms
  An ooze (D:7)
  10 orcs
  A bat skeleton (D:5)
  2 giant cockroaches
  2 goblins (D:6)
  3 hobgoblins
  3 jackals (D:3)
  A ball python (D:4)
  9 bats
  4 hobgoblin zombies (Ossuary)
  5 kobolds
  17 rats
99 creatures vanquished.

Vanquished Creatures (others)
  2 fungi (D:8)
2 creatures vanquished.

Grand Total: 101 creatures vanquished

Notes
Turn   | Place    | Note
--------------------------------------------------------------
     0 | D:1      | 4tharraofdagon, the Demigod Fire Elementalist, began the quest for the Orb.
     0 | D:1      | Reached XP level 1. HP: 14/14 MP: 3/3
    55 | D:1      | Reached skill level 1 in Conjurations
   390 | D:3      | Reached skill level 3 in Fire Magic
   390 | D:3      | Reached XP level 2. HP: 10/20 MP: 0/4
   556 | D:5      | Entered Level 5 of the Dungeon
   698 | D:5      | Reached XP level 3. HP: 20/26 MP: 0/8
   703 | D:5      | Learned a level 3 spell: Conjure Flame
   760 | D:4      | Noticed an orc warrior
   803 | D:6      | Reached XP level 4. HP: 26/33 MP: 2/10
   822 | D:6      | Found a sand-covered staircase.
   827 | Ossuary  | Entered an ossuary
  1094 | D:5      | Reached skill level 4 in Fire Magic
  1094 | D:5      | Reached XP level 5. HP: 11/38 MP: 5/12
  1129 | D:5      | Learned a level 4 spell: Sticky Flame
  1219 | D:5      | Found Heeden's Antique Weapon Shop.
  1367 | D:6      | Noticed a sky beast
  1374 | D:6      | Killed a sky beast
  1504 | D:7      | Noticed an orc warrior
  1523 | D:7      | Noticed an ogre
  1560 | D:7      | Killed an ogre
  1560 | D:7      | Reached XP level 6. HP: 43/45 MP: 4/15
  1623 | D:7      | Noticed an ogre
  1631 | D:7      | Killed an ogre
  1631 | D:7      | Reached skill level 5 in Fire Magic
  1696 | D:7      | Noticed an ogre
  1701 | D:7      | Noticed HollowCharge's ghost (experienced DgFE)
  1723 | D:7      | Killed an ogre
  1723 | D:7      | Reached XP level 7. HP: 26/50 MP: 5/18
  1941 | D:7      | Killed HollowCharge's ghost
  1941 | D:7      | Reached skill level 5 in Conjurations
  1941 | D:7      | Reached skill level 6 in Fire Magic
  1941 | D:7      | Reached XP level 8. HP: 11/57 MP: 6/21
  1954 | D:7      | Learned a level 5 spell: Fireball
  2254 | D:7      | Found a radiant altar of Vehumet.
  2254 | D:7      | Found a blossoming altar of Fedhas.
  2425 | D:8      | Reached skill level 7 in Fire Magic
  2724 | D:8      | Reached XP level 9. HP: 29/62 MP: 1/23
  2806 | D:8      | Identified a cursed +1 rod of warding (12/12) (You found it on level 8 of the Dungeon)
  2835 | D:8      | Noticed Blork the orc
  2840 | D:8      | HP: 3/62 [centaur (4)]
  2841 | D:8      | Slain by a centaur

Action                   |  1- 3 |  4- 6 |  7- 9 || total
-------------------------+-------+-------+-------++-------
Melee: Dagger            |     7 |       |       ||     7
       War axe           |     8 |    30 |    18 ||    56
Throw: Dart              |     3 |       |       ||     3
 Cast: Flame Tongue      |    26 |    48 |    51 ||   125
       Sticky Flame      |       |     6 |    18 ||    24
       Conjure Flame     |       |     2 |     8 ||    10
Evoke: Wand              |       |     2 |     1 ||     3
  Use: Potion            |     1 |       |     6 ||     7
       Scroll            |     1 |     6 |     5 ||    12
 Stab: Sleeping          |       |     1 |       ||     1
